 Dungeon Sprint DCSS version 0.28-a0-895-g6e5f11bd55 (webtiles) character file.

Game seed: 9511097046852045199

8954 Turgor the Severer (level 11, -1/114 HPs)
             Began as a Minotaur Berserker on Nov 22, 2021.
             Was the Champion of Trog.
             Slain by a 12-headed hydra (9 damage)
             ... while paralysed by a floating eye
             ... in the Dungeon (Sprint I: "Red Sonja").
             The game lasted 00:16:33 (2345 turns).

Turgor the Severer (Minotaur Berserker)             Turns: 2345, Time: 00:16:33

Health: -1/114     AC: 14    Str: 22    XL:     11   Next: 16%
Magic:  10/10      EV:  2    Int:  7    God:    Trog [******]
Gold:   906        SH:  0    Dex: 10    Spells: 10/10 levels left

rFire   . . .      SeeInvis .   q - +5 executioner's axe (vorpal)
rCold   . . .      Faith    .   (shield currently unavailable)
rNeg    . . .      Spirit   .   i - +0 scale mail
rPois   .          Reflect  .   (helmet restricted)
rElec   .          Harm     .   (no cloak)
rCorr   .          Rampage  .   (no gloves)
Will    ++...      NoTele   +   (no boots)
Stlth   ..........              (no amulet)
HPRegen 1.29/turn               n - +4 ring of protection
MPRegen 0.12/turn               (no ring)

@: paralysed, strong-willed, regenerating
A: horns 2, retaliatory headbutt
a: Renounce Religion, Berserk, Trog's Hand, Brothers in Arms


You were in the Dungeon.
You worshipped Trog.
Trog was exalted by your worship.
You visited 1 branch You collected 1274 gold pieces.
You spent 368 gold pieces at shops.

Inventory:

Hand Weapons
 g - a +3 vorpal battleaxe
 l - a +2 longbow of flaming
 q - a +5 vorpal executioner's axe (weapon)
Missiles
 c - 2 curare-tipped darts (quivered)
 k - 3 javelins
 o - 46 arrows
 p - 12 poisoned darts
Armour
 b - a +0 animal skin
 i - a +0 scale mail (worn)
Jewellery
 n - a +4 ring of protection (left hand)
Scrolls
 a - 2 scrolls of identify
 h - a scroll of blinking
Potions
 d - 2 potions of heal wounds
 e - 2 potions of haste
 f - 2 potions of magic
 j - 2 potions of flight
 m - a potion of curing


   Skills:
 + Level 16.0 Fighting
 * Level 17.1 Axes
 * Level 7.3 Bows
 + Level 15.8 Armour
 + Level 14.6 Dodging


You had 10 spell levels left.
You didn't know any spells.
Your spell library was empty.

Dungeon Overview and Level Annotations

Branches:
Dungeon (1/1)

Altars:
Cheibriados
Dithmenos
Elyvilon
Fedhas
Gozag
Hepliaklqana
Kikubaaqudgha
Makhleb
Nemelex Xobeh
Okawaru
Qazlal
Ru
Sif Muna
Trog
Uskayaw
Vehumet
Wu Jian
Xom
Yredelemnul
Zin
The Shining One
Jiyva
Lugonu

Shops:
D **[


Innate Abilities, Weirdness & Mutations

You have a pair of horns on your head.
You reflexively headbutt those who attack you in melee.


Message History

You open the door.
A hydra and a floating eye come into view.
The 12-headed hydra roars!
The floating eye's stare focuses on you.
Found 54 gold pieces.
Your skin crawls.
You feel strong-willed.
The 12-headed hydra bites you but does no damage.
The 12-headed hydra closely misses you. The 12-headed hydra bites you.
The 12-headed hydra misses you. x2
The 12-headed hydra bites you but does no damage. x2
The 12-headed hydra bites you. The 12-headed hydra misses you.
The 12-headed hydra bites you!
The 12-headed hydra bites you but does no damage. x2
The floating eye gazes piercingly through you!
You suddenly lose the ability to move!
The 12-headed hydra bites you.
The 12-headed hydra bites you but does no damage. x4
The 12-headed hydra barely misses you. The 12-headed hydra bites you!
The 12-headed hydra bites you.
The 12-headed hydra bites you but does no damage. x3
The 12-headed hydra bites you. The 12-headed hydra bites you.
The 12-headed hydra bites you but does no damage.
The 12-headed hydra bites you!
The 12-headed hydra bites you but does no damage. x2
The 12-headed hydra bites you! x2; The 12-headed hydra bites you.
The 12-headed hydra bites you!
* * * LOW HITPOINT WARNING * * *
The 12-headed hydra bites you.
* * * LOW HITPOINT WARNING * * *
The 12-headed hydra bites you but does no damage.
The 12-headed hydra bites you!
* * * LOW HITPOINT WARNING * * *
The 12-headed hydra bites you.
* * * LOW HITPOINT WARNING * * *
The 12-headed hydra bites you.
* * * LOW HITPOINT WARNING * * *
The 12-headed hydra bites you!
You die...

#####################
..#[.#.§§.†§§§§§@DG§#
..##§#§####§§§§§##§§+
.§§§§#§# ##§.§## ##
###§.§.# ###+#
.##+#### .# .# '###
.§.#


You could see a 12-headed hydra and a floating eye.

Vanquished Creatures
  2 centaur warriors (D)
  Sonja (D)
  A deep troll (D)
  A lindwurm (D)
  An oklob plant (D)
  2 unseen horrors (D)
  A demonic crawler (D)
  A hornet (D)
  A slime creature (D)
  2 redbacks (D)
  Sigmund (D)
  13 hogs (D)
  A yak (D)
  A floating eye (D)
  7 necrophages (D)
  An ogre (D)
  8 jellies (D)
  Ijyb (D)
46 creatures vanquished.

Vanquished Creatures (collateral kills)
  2 kobold demonologists (D)
  3 demonic crawlers (D)
  A floating eye (D)
6 creatures vanquished.

Grand Total: 52 creatures vanquished

Notes
Turn   | Place    | Note
-------+----------+-------------------------------------------
     0 | D        | Turgor the Minotaur Berserker began the quest for the Orb.
     0 | D        | Reached XP level 1. HP: 19/19 MP: 0/0
     1 | D        | Noticed Ijyb
     7 | D        | Killed Ijyb
     8 | D        | Reached skill level 5 in Fighting
     8 | D        | Reached skill level 5 in Axes
     8 | D        | Reached XP level 2. HP: 29/29 MP: 1/1
    46 | D        | Noticed an ogre
    50 | D        | Killed an ogre
    51 | D        | Reached skill level 6 in Axes
    51 | D        | Reached skill level 5 in Armour
    51 | D        | Reached skill level 5 in Dodging
    51 | D        | Reached XP level 3. HP: 38/38 MP: 2/2
    51 | D        | Reached XP level 4. HP: 45/45 MP: 3/3
    95 | D        | Noticed Sigmund
   107 | D        | Killed Sigmund
   107 | D        | Reached ** piety under Trog
   108 | D        | Reached skill level 8 in Axes
   108 | D        | Reached XP level 5. HP: 52/53 MP: 4/4
   155 | D        | Found a shimmering blue altar of Sif Muna.
   156 | D        | Found an ornate altar of the Wu Jian Council.
   157 | D        | Found a radiant altar of Vehumet.
   161 | D        | Reached XP level 6. HP: 62/62 MP: 5/5
   162 | D        | Found a viscous altar of Jiyva.
   162 | D        | Found a corrupted altar of Lugonu.
   162 | D        | Noticed a slime creature
   163 | D        | Found a burning altar of Makhleb.
   163 | D        | Found a shimmering altar of Xom.
   173 | D        | Killed a slime creature
   174 | D        | Reached skill level 9 in Axes
   398 | D        | Found Onaumnie's General Store.
   398 | D        | Found an ancient bone altar of Kikubaaqudgha.
   398 | D        | Found a hazy altar of Hepliaklqana.
   398 | D        | Found a stormy altar of Qazlal.
   398 | D        | Found a hide-covered altar of Uskayaw.
   398 | D        | Found a blossoming altar of Fedhas.
   398 | D        | Found a bloodstained altar of Trog.
   398 | D        | Found an iron altar of Okawaru.
   398 | D        | Found a basalt altar of Yredelemnul.
   398 | D        | Found a glowing golden altar of the Shining One.
   398 | D        | Found a snail-covered altar of Cheibriados.
   398 | D        | Found a sacrificial altar of Ru.
   398 | D        | Found a glowing silver altar of Zin.
   398 | D        | Found a shadowy altar of Dithmenos.
   398 | D        | Found a white marble altar of Elyvilon.
   398 | D        | Noticed a yak
   402 | D        | Killed a yak
   403 | D        | Reached skill level 10 in Fighting
   403 | D        | Reached skill level 10 in Axes
   403 | D        | Reached XP level 7. HP: 72/72 MP: 6/6
   403 | D        | Found an opulent altar of Gozag.
   404 | D        | Found a sparkling altar of Nemelex Xobeh.
   408 | D        | Bought a potion of haste for 100 gold pieces
   408 | D        | Bought 3 javelins for 24 gold pieces
   408 | D        | Bought a scroll of identify for 20 gold pieces
   437 | D        | Noticed Sonja
   447 | D        | Killed Sonja
   447 | D        | Reached *** piety under Trog
   448 | D        | Reached skill level 11 in Axes
   448 | D        | Reached skill level 10 in Dodging
   448 | D        | Reached XP level 8. HP: 50/82 MP: 7/7
   799 | D        | Noticed a centaur warrior
   799 | D        | Noticed a centaur warrior
   811 | D        | Killed a centaur warrior
   812 | D        | Reached skill level 12 in Axes
   813 | D        | Killed a centaur warrior
   814 | D        | Reached skill level 13 in Axes
   814 | D        | Reached XP level 9. HP: 93/93 MP: 8/8
   884 | D        | Noticed a deep troll
   893 | D        | Killed a deep troll
   904 | D        | Found Jedgh's Armour Emporium.
   925 | D        | Found Yphiw's Assorted Antiques.
   933 | D        | Bought a potion of curing for 84 gold pieces
   933 | D        | Bought a blackened steel ring for 140 gold pieces
   979 | D        | Reached **** piety under Trog
  1088 | D        | Noticed an oklob plant
  1092 | D        | Killed an oklob plant
  1093 | D        | Reached skill level 14 in Axes
  1486 | D        | Paralysed by a floating eye for 4 turns
  1512 | D        | Reached ***** piety under Trog
  1546 | D        | Reached XP level 10. HP: 101/104 MP: 9/9
  1866 | D        | Received a gift from Trog
  1932 | D        | Reached skill level 15 in Fighting
  1932 | D        | Reached skill level 15 in Axes
  1942 | D        | Reached ****** piety under Trog
  2064 | D        | Reached skill level 1 in Bows
  2067 | D        | Reached skill level 15 in Armour
  2075 | D        | Received a gift from Trog
  2076 | D        | Reached skill level 16 in Axes
  2193 | D        | Noticed a lindwurm
  2195 | D        | Killed a lindwurm
  2196 | D        | Reached skill level 5 in Bows
  2299 | D        | Reached XP level 11. HP: 114/114 MP: 10/10
  2301 | D        | Received a gift from Trog
  2319 | D        | Reached skill level 17 in Axes
  2341 | D        | Noticed a 12-headed hydra
  2342 | D        | Paralysed by a floating eye for 4 turns
  2345 | D        | Slain by a 12-headed hydra

Illustrated notes

Levels and vault maps discovered:
D:        dungeon_sprint_1 [red_sonja_temple_1, red_sonja_temple_small_1]

Skill      XL: |  1  2  3  4  5  6  7  8  9 10 11 |
---------------+----------------------------------+-----
Fighting       | 5 6 8 10 11 13 14 15 16 | 16.0
Axes           | 5 6 8 10 11 13 14 16 17 | 17.1
Armour         | 4 5 7 8 9 11 12 14 15 | 15.8
Dodging        | 3 5 7 8 10 11 13 14 | 14.6
Bows           | 6 7 |  7.3

Action                   |  1- 3 |  4- 6 |  7- 9 | 10-12 || total
-------------------------+-------+-------+-------+-------++-------
Melee: Hand axe          |     8 |    23 |    59 |    31 ||   121
       Headbutt          |       |     5 |    14 |    18 ||    37
       Battleaxe         |       |       |       |    45 ||    45
       Executioner's axe |       |       |       |    13 ||    13
Throw: Dart              |       |       |     1 |       ||     1
Invok: Berserk           |     2 |     3 |     5 |     5 ||    15
       Trog's Hand       |       |       |     2 |     3 ||     5
       Brothers in Arms  |       |       |       |     1 ||     1
  Use: Potion            |       |       |     1 |     1 ||     2
       Scroll            |       |       |     2 |       ||     2
Armor: Scale mail        |       |     4 |    18 |    60 ||    82
Dodge: Dodged            |     3 |     8 |    23 |    40 ||    74

Table legend: (Time is in decaauts)
 A = Elapsed time spent in this place.
 B = Non-inter-level travel time spent in this place.
 C = Inter-level travel time spent in this place.
 D = Time resting spent in this place.
 E = Time spent auto-exploring this place.
 F = Levels seen in this place.
 G = Mean time per level.
                   A        B        C        D        E       F      G
               +--------+--------+--------+--------+--------+-----+--------+
         Total |   2462 |   2437 |     25 |   1654 |      0 |   1 | 2462.0 |
       Dungeon |   2462 |   2437 |     25 |   1654 |      0 |   1 | 2462.0 |
               +--------+--------+--------+--------+--------+-----+--------+

Top non-repeatable levels by time:
       D: 2462 daAuts
